 Dungeon Crawl Stone Soup version 0.21.0-3-g78d12a8 (webtiles) character file.

56084 myopia the Cleaver (level 14, -12/118 HPs)
             Began as a Demonspawn Berserker on Jan 8, 2018.
             Was a High Priest of Trog.
             Killed from afar by a fire dragon (36 damage)
             ... with a blast of flame
             ... on level 6 of the Lair of Beasts.
             The game lasted 01:16:56 (13521 turns).

myopia the Cleaver (Demonspawn Berserker)          Turns: 13521, Time: 01:16:59

Health: -12/118    AC: 31    Str: 17    XL:     14   Next: 40%
Magic:  14/14      EV:  4    Int: 10    God:    Trog [*****.]
Gold:   545        SH:  0    Dex: 23    Spells: 13/13 levels left

rFire    . . .     SeeInvis .   F - +8 frozen axe "Frostbite" {freezing cloud, *Noise +Fly rC+}
rCold    + + .     Gourm    .   (shield currently unavailable)
rNeg     . . .     Faith    .   b - +2 crystal plate armour
rPois    .         Spirit   .   (helmet unavailable)
rElec    .         Reflect  .   r - +0 cloak
rCorr    .         Harm     .   n - +0 pair of gloves of Fyantitu {Dex+3}
MR       ++...                  E - +0 pair of boots
Stlth    ..........             (no amulet)
HPRegen  0.29/turn              N - ring of stealth
MPRegen  0.14/turn              V - ring of Deireuc {Wiz +Blink MR+ Dex+3}

@: lethally poisoned (-12 -> -32), about to teleport, very slow
A: horns 3, molten scales 2, cold resistance 1, nightstalker 2, spiny 3
a: Berserk, Trog's Hand, Brothers in Arms, Burn Spellbooks, Renounce Religion,
Evoke Blink, Evoke Flight


You were on level 6 of the Lair of Beasts.
You worshipped Trog.
Trog was extremely pleased with you.
You were hungry.

You visited 2 branches of the dungeon, and saw 17 of its levels.
You also visited: Ice Cave.

You collected 1334 gold pieces.
You spent 789 gold pieces at shops.

Inventory:

Hand Weapons
 m - the +4 glaive of the Moon {distort, Str+3, unknown}
   (Trog gifted it to you on level 13 of the Dungeon)

   It warps and distorts space around it.
   Unwielding it can cause banishment or high damage.
   It affects your strength (+3).
 v - the +5 hand axe "Wylir" {protect, -Tele rPois rC+}
   (You found it on level 4 of the Dungeon)

   It protects the one who uses it against injury (+AC on strike).
   It protects you from cold.
   It protects you from poison.
   It prevents most forms of teleportation.
 w - a +2 antimagic battleaxe
 F - the +8 frozen axe "Frostbite" (weapon) {freezing cloud, *Noise +Fly rC+}
   (Trog gifted it to you in an ice cave)

   It has been specially enchanted to freeze those struck by it, causing extra
   injury to most foes and up to half again as much damage against particularly
   susceptible opponents.
   It can also slow down cold-blooded creatures.
   It protects you from cold.
   It lets you fly.
   It may make noises in combat.
 S - a +2 flail of venom
Missiles
 e - 5 javelins (quivered)
Armour
 b - a +2 crystal plate armour (worn)
 i - a +3 plate armour of fire resistance
 n - the +0 pair of gloves of Fyantitu (worn) {Dex+3}
   (You found it on level 6 of the Dungeon)

   It affects your dexterity (+3).
 r - a +0 cloak (worn)
 E - a +0 pair of boots (worn)
Jewellery
 h - an uncursed ring of magical power
 N - a ring of stealth (left hand)
 V - the ring of Deireuc (right hand) {Wiz +Blink MR+ Dex+3}
   (You bought it in a shop on level 9 of the Dungeon)

   [ring of wizardry]

   It improves your spell success rate.
   It affects your dexterity (+3).
   It affects your resistance to hostile enchantments.
   It lets you blink.
Wands
 a - a wand of paralysis (15)
 o - a wand of polymorph (16)
 q - a wand of random effects (75)
 y - a wand of iceblast (19)
 z - a wand of disintegration (15)
 H - a wand of acid (17)
 L - a wand of flame (60)
 R - a wand of enslavement (20)
Scrolls
 j - 5 scrolls of teleportation
 l - 5 scrolls of identify
 u - 2 scrolls of random uselessness
 D - 4 scrolls of enchant weapon
 K - 2 scrolls of blinking
 M - 5 scrolls of remove curse
 O - a scroll of magic mapping
Potions
 d - 2 potions of flight
 g - 2 potions of haste
 k - 3 potions of curing
 p - 2 potions of heal wounds
 t - a potion of might
 x - a potion of cancellation
 A - 3 potions of agility
 B - 3 potions of resistance
Books
 f - a Young Poisoner's Handbook

   Spells                             Type                      Level
   a - Sting                          Conjuration/Poison           1
   b - Poisonous Vapours              Poison/Air                   2
   c - Mephitic Cloud                 Conjuration/Poison/Air       3
   d - Olgreb's Toxic Radiance        Poison                       4
   e - Venom Bolt                     Conjuration/Poison           5
   Trog disapproves of the use of such an item.
 G - Sif Muna's Reference Book on Displacement and Poisoning
   (You found it in an ice cave)

   Spells                             Type                      Level
   a - Sting                          Conjuration/Poison           1
   b - Poisonous Vapours              Poison/Air                   2
   c - Blink                          Translocation                2
   d - Gell's Gravitas                Translocation                3
   Trog disapproves of the use of such an item.
Miscellaneous
 C - a crystal ball of energy
Comestibles
 c - 16 rations
 s - 16 chunks of flesh


   Skills:
 + Level 13.6 Fighting
 - Level 14.0(14.6) Axes
 - Level 7.6(11.8) Maces & Flails
 - Level 12.1 Armour
 - Level 1.7 Dodging


You had 13 spell levels left.
You didn't know any spells.

Dungeon Overview and Level Annotations

Branches:
Dungeon (13/15)            Temple (0/1) D:6            Lair (6/6) D:10
  Swamp (0/4) Lair:2       Spider (0/4) Lair:2          Orc (0/2) D:11
  Slime: Lair:5-6    Vaults: D:13-14

Altars:
Ru
The Shining One

Shops:
D:5 (   D:9 =   D:11 ?

Annotations:
Lair:1 exclusion: 4 oklob plants


Innate Abilities, Weirdness & Mutations

You have a pair of large horns on your head.
You are mostly covered in molten scales. (AC +3)
Your flesh is cold resistant. (rC+)
You are significantly more attuned to the shadows.
You are completely covered in sharp spines.


Message History

Your troll looks even sicker.
Your troll bites the swamp dragon but does no damage.
Your troll claws the swamp dragon!
Your troll claws the swamp dragon.
You feel much better.
You are engulfed in a cloud of scalding steam.
* * * LOW HITPOINT WARNING * * *
You feel sick.
Your troll bites the swamp dragon!!
The swamp dragon dies!
Trog accepts your kill.
The fire dragon bites you but does no damage.
The fire dragon claws you but does no damage.
The fire dragon tramples you but does no damage.
As you read the scroll of teleportation, it crumbles to dust.
You feel strangely unstable.
You are engulfed in a cloud of scalding steam.
You feel very sick.
Your troll bites the fire dragon!
Your troll claws the fire dragon! x2
The fire dragon breathes flames at you. The blast of flame hits you!
You die...

##.# ♣...P≈≈♣ #
## ♣♣.♣...♣
♣♣..≈≈♣♣
♣..≈≈≈♣♣
♣♣.†(≈.♣♣
P.≈≈≈.
♣♣..P≈≈♣♣≈≈≈≈.♣
♣♣♣...≈♣♣≈≈..♣
♣♣..≈≈≈≈P.♣
♣^.@D...♣
♣♣♣≈†T§♣♣
♣♣♣♣♣♣


You could see a fire dragon and a friendly troll (berserk).

Vanquished Creatures
  Kirke (D:13)
  A frost giant (IceCv)
  Josephine (Lair:6)
  A hydra (D:13)
  A centaur warrior (D:13)
  5 two-headed ogres
  The ghost of aimeelou the Fighter, a novice DsGl of Wu Jian (D:9)
  2 death yaks (IceCv)
  4 skeletal warriors
  An unseen horror (D:8)
  2 lindwurms (Lair:6)
  A cyclops (D:12)
  A manticore (D:12)
  2 ice statues
  8 spiny frogs
  4 black mambas
  A gargoyle (D:10)
  4 torpor snails (Lair:6)
  4 rime drakes (Lair:6)
  10 komodo dragons
  A troll (D:12)
  16 polar bears
  5 tyrant leeches
  8 hornets
  10 blink frogs
  6 hippogriffs
  A vampire (D:9)
  2 wyverns
  4 basilisks
  A hog (D:13)
  3 wraiths (Lair:6)
  60 yaks
  5 water elementals (D:13)
  3 swamp worms (Lair:2)
  A hungry ghost (D:8)
  3 wargs (D:10)
  An acid dragon (Lair:6)
  A water moccasin (Lair:6)
  2 swamp drakes (Lair:6)
  6 porcupines
  A hornet zombie (D:10)
  3 orc warriors
  A black bear (D:9)
  3 ice beasts
  2 sky beasts
  11 ogres
  5 phantoms
  2 necrophages
  An eye of draining (D:10)
  15 wolves
  7 centaurs
  7 crocodiles
  A big kobold (D:9)
  11 bullfrogs
  6 killer bees
  4 scorpions
  An electric eel (D:13)
  9 wights
  A howler monkey (D:8)
  5 crimson imps
  3 bullfrog zombies
  A centaur zombie (D:5)
  4 hounds
  2 jellies
  4 orc priests
  Crazy Yiuf (D:4)
  5 centaur skeletons
  8 iguanas
  16 orc wizards
  4 worker ants
  A hound zombie (D:7)
  A hound skeleton (D:5)
  A howler monkey zombie (D:5)
  A worker ant zombie (D:5)
  8 gnolls
  11 adders
  4 shadow imps
  6 white imps (Lair:6)
  An ooze (D:4)
  3 adder skeletons
  2 dart slugs (D:3)
  5 leopard geckos
  37 orcs
  4 bats
  4 giant cockroaches
  10 goblins
  3 hobgoblins
  17 jackals
  11 kobolds
  3 quokkas
  4 frilled lizards
  2 quokka skeletons
  8 rats
  2 fungi (Lair:6)
  4 plants (Lair:6)
491 creatures vanquished.

Vanquished Creatures (collateral kills)
  A fire dragon (Lair:6)
  A hydra (Lair:6)
  3 death yaks (Lair:6)
  A swamp dragon (Lair:6)
  A spiny frog (Lair:6)
  A tyrant leech (Lair:2)
  4 yaks (Lair:6)
  6 white imps (Lair:6)
18 creatures vanquished.

Vanquished Creatures (others)
  A polar bear (IceCv)
  A yak (IceCv)
  3 wolves (IceCv)
  A fungus (Lair:2)
  3 plants (Lair:6)
9 creatures vanquished.

Grand Total: 518 creatures vanquished

Notes
Turn   | Place    | Note
-------+----------+-------------------------------------------
     0 | D:1      | myopia the Demonspawn Berserker began the quest for the Orb.
     0 | D:1      | Reached XP level 1. HP: 18/18 MP: 1/1
   162 | D:1      | Gained mutation: You are partially covered in molten scales. (AC +2) [demonic ancestry]
   162 | D:1      | Reached XP level 2. HP: 17/24 MP: 2/2
   483 | D:1      | Gained mutation: You are partially covered in sharp spines. [demonic ancestry]
   483 | D:1      | Reached XP level 3. HP: 29/29 MP: 3/3
   697 | D:2      | Gained mutation: You have a pair of small horns on your head. [demonic ancestry]
   697 | D:2      | Reached XP level 4. HP: 13/35 MP: 4/4
  1027 | D:2      | Reached ** piety under Trog
  1449 | D:3      | Found a sacrificial altar of Ru.
  1766 | D:3      | Reached skill level 5 in Maces & Flails
  1775 | D:3      | Gained mutation: You are slightly more attuned to the shadows. [demonic ancestry]
  1775 | D:3      | Reached XP level 5. HP: 41/41 MP: 5/5
  1849 | D:3      | Found a glowing golden altar of the Shining One.
  2118 | D:4      | Found a runed door.
  2122 | D:4      | Noticed Crazy Yiuf
  2126 | D:4      | Killed Crazy Yiuf
  2126 | D:4      | Gained mutation: You have a pair of horns on your head. [demonic ancestry]
  2126 | D:4      | Reached XP level 6. HP: 47/47 MP: 6/6
  2209 | D:4      | Reached *** piety under Trog
  2382 | D:4      | Gained mutation: You are mostly covered in sharp spines. [demonic ancestry]
  2382 | D:4      | Reached XP level 7. HP: 52/52 MP: 7/7
  2433 | D:4      | Got a crude hand axe
  2541 | D:5      | Entered Level 5 of the Dungeon
  2650 | D:5      | Found Popsouho's Antique Weapon Shop.
  2655 | D:5      | Identified the +5 hand axe "Wylir" {protect, -Tele rPois rC+} (You found it on level 4 of the Dungeon)
  2747 | D:5      | Reached skill level 1 in Axes
  2755 | D:5      | Reached skill level 2 in Axes
  2818 | D:5      | Reached skill level 3 in Axes
  3145 | D:5      | Reached skill level 4 in Axes
  3177 | D:5      | Gained mutation: You are mostly covered in molten scales. (AC +3) [demonic ancestry]
  3177 | D:5      | Reached XP level 8. HP: 57/58 MP: 8/8
  3671 | D:6      | Found a staircase to the Ecumenical Temple.
  3736 | D:6      | Reached skill level 5 in Axes
  3751 | D:6      | Got a pair of brightly glowing gloves
  3757 | D:6      | Identified the cursed +0 pair of gloves of Fyantitu {Dex+3} (You found it on level 6 of the Dungeon)
  4055 | D:6      | Reached skill level 6 in Axes
  4391 | D:7      | Reached skill level 7 in Axes
  4398 | D:7      | Reached **** piety under Trog
  4599 | D:7      | Noticed a hippogriff
  4606 | D:7      | Killed a hippogriff
  4606 | D:7      | Reached skill level 8 in Axes
  4606 | D:7      | Reached XP level 9. HP: 63/63 MP: 9/9
  4763 | D:8      | Reached skill level 9 in Axes
  4979 | D:8      | Reached skill level 10 in Axes
  5073 | D:8      | Identified a scroll of acquirement
  5246 | D:8      | Killed an unseen horror
  5246 | D:8      | Reached skill level 11 in Axes
  5246 | D:8      | Gained mutation: You have a pair of large horns on your head. [demonic ancestry]
  5246 | D:8      | Reached XP level 10. HP: 65/70 MP: 10/10
  5280 | D:8      | Noticed a two-headed ogre
  5289 | D:8      | Killed a two-headed ogre
  5695 | D:9      | Noticed a two-headed ogre
  5705 | D:9      | Killed a two-headed ogre
  5797 | D:9      | Reached skill level 12 in Axes
  5830 | D:9      | Found Yjiesut's Jewellery Shop.
  6063 | D:9      | Reached ***** piety under Trog
  6290 | D:9      | Noticed aimeelou's ghost (novice DsGl)
  6307 | D:9      | Killed aimeelou's ghost
  6422 | D:10     | Entered Level 10 of the Dungeon
  6425 | D:10     | Noticed a two-headed ogre
  6432 | D:10     | Killed a two-headed ogre
  6432 | D:10     | Reached skill level 13 in Axes
  6488 | D:10     | Gained mutation: You are significantly more attuned to the shadows. [demonic ancestry]
  6488 | D:10     | Reached XP level 11. HP: 62/75 MP: 11/11
  6710 | D:10     | You fall through a shaft!
  6711 | D:11     | Found Willuar's Magic Scroll Boutique.
  6770 | D:11     | Bought a scroll of noise for 14 gold pieces
  6825 | D:11     | Noticed a skeletal warrior
  6825 | D:11     | Noticed a skeletal warrior
  6826 | D:11     | Noticed a skeletal warrior
  6827 | D:11     | Noticed a skeletal warrior
  7089 | D:10     | Reached skill level 14 in Axes
  7263 | D:10     | You fall through a shaft for 3 floors!
  7274 | D:13     | Received a gift from Trog
  7444 | D:12     | Reached skill level 5 in Fighting
  7509 | D:11     | Noticed a two-headed ogre
  7517 | D:11     | Killed a two-headed ogre
  7531 | D:11     | Noticed a two-headed ogre
  7541 | D:11     | Killed a two-headed ogre
  7639 | D:11     | Found a staircase to the Orcish Mines.
  7761 | D:10     | Found a staircase to the Lair.
  7827 | D:10     | Noticed a skeletal warrior
  7846 | D:10     | Killed a skeletal warrior
  7920 | Lair:1   | Entered Level 1 of the Lair of Beasts
  8192 | D:11     | Noticed a skeletal warrior
  8200 | D:11     | Killed a skeletal warrior
  8399 | D:11     | Reached skill level 5 in Armour
  8399 | D:11     | Gained mutation: You are completely covered in sharp spines. [demonic ancestry]
  8399 | D:11     | Reached XP level 12. HP: 67/91 MP: 12/12
  8665 | D:11     | Bought a scroll of enchant armour for 105 gold pieces
  9463 | D:13     | Noticed a centaur warrior
  9474 | D:13     | Killed a centaur warrior
  9823 | D:13     | Got a translucent glaive {god gift}
  9865 | D:13     | Noticed a five-headed hydra
  9873 | D:13     | Noticed Kirke
  9881 | D:13     | Killed an eight-headed hydra
  9881 | D:13     | Reached skill level 10 in Armour
  9902 | D:13     | Killed Kirke
 10111 | D:9      | Bought the ring of Deireuc {Wiz +Blink MR+ Dex+3} for 670 gold pieces
 10723 | Lair:1   | Reached XP level 13. HP: 92/96 MP: 13/13
 11358 | Lair:2   | Found a hole to the Spider Nest.
 11405 | Lair:2   | Reached ****** piety under Trog
 11623 | Lair:2   | Found a staircase to the Swamp.
 11628 | Lair:2   | Received a gift from Trog
 11999 | Lair:3   | You fall through a shaft for 3 floors!
 11999 | Lair:6   | Entered Level 6 of the Lair of Beasts
 12035 | Lair:6   | Found a runed door.
 12276 | Lair:6   | Noticed a fire dragon
 12291 | Lair:6   | Killed a fire dragon
 12453 | Lair:6   | Reached skill level 10 in Fighting
 12528 | Lair:6   | Noticed Josephine
 12541 | Lair:6   | Killed Josephine
 12618 | Lair:6   | Found a frozen archway.
 12648 | IceCv    | Entered an ice cave
 12660 | IceCv    | Gained mutation: Your flesh is cold resistant. (rC+) [demonic ancestry]
 12660 | IceCv    | Reached XP level 14. HP: 81/114 MP: 14/14
 13078 | IceCv    | Received a gift from Trog
 13079 | IceCv    | Found the +8 frozen axe "Frostbite" {freezing cloud, *Noise +Fly rC+}
 13154 | IceCv    | Noticed a frost giant
 13172 | IceCv    | Killed a frost giant
 13224 | IceCv    | Identified Sif Muna's Reference Book on Displacement and Poisoning
 13521 | Lair:6   | Killed from afar by a fire dragon

Skill      XL: |  1  2  3  4  5  6  7  8  9 10 11 12 13 14 |
---------------+-------------------------------------------+-----
Maces & Flails | 3 4 5 6 7 |  7.6
Axes           | 4 8 11 13 14 | 14.0
Fighting       | 7 11 13 | 13.6
Armour         | 5 10 12 | 12.1
Dodging        | |  1.7

Action                   |  1- 3 |  4- 6 |  7- 9 | 10-12 | 13-15 || total
-------------------------+-------+-------+-------+-------+-------++-------
Melee: Mace              |    53 |    92 |       |       |       ||   145
       Headbutt          |       |    20 |    54 |   176 |   225 ||   475
       Hand axe          |       |       |   174 |   618 |   564 ||  1356
       Flail             |       |       |    11 |       |       ||    11
       Executioner's axe |       |       |       |       |    54 ||    54
Throw: Javelin           |     2 |    12 |     3 |     5 |       ||    22
Invok: Berserk           |     1 |     5 |     4 |    17 |     4 ||    31
       Trog's Hand       |       |     2 |     1 |     2 |     8 ||    13
       Brothers in Arms  |       |       |       |       |     5 ||     5
  Use: Scroll            |       |     3 |     9 |    12 |     4 ||    28
       Potion            |       |       |     1 |     3 |     2 ||     6
 Stab: Sleeping          |       |     3 |     3 |       |       ||     6
       Confused          |       |       |       |       |     3 ||     3
  Eat: Chunk             |       |    10 |    15 |    18 |    18 ||    61
       Ration            |       |       |       |     5 |       ||     5
Armor: Animal skin       |    12 |     1 |       |       |       ||    13
       Ring mail         |       |    23 |    10 |       |       ||    33
       Chain mail        |       |       |    54 |       |       ||    54
       Crystal plate arm |       |       |    17 |   385 |   463 ||   865
Dodge: Dodged            |    36 |    42 |    56 |    30 |    80 ||   244
